 Dungeon Crawl Stone Soup version 0.21.1-1-g345015f (webtiles) character file.

1473 Dindles the Thaumaturge (level 8, -5/41 HPs)
             Began as a Deep Elf Conjurer on Mar 7, 2018.
             Killed by divine providence
             ... invoked by an orc priest
              (15 damage)
             ... on level 6 of the Dungeon.
             The game lasted 00:31:16 (6665 turns).

Dindles the Thaumaturge (Deep Elf Conjurer)         Turns: 6665, Time: 00:31:17

Health: -5/41      AC:  6    Str:  5    XL:     8   Next: 49%
Magic:  15/22      EV: 14    Int: 23    God:
Gold:   329        SH:  0    Dex: 15    Spells: 4/23 levels left

rFire    . . .     SeeInvis .   H - +0 quarterstaff
rCold    . . .     Gourm    .   (shield currently unavailable)
rNeg     . . .     Faith    .   f - +0 robe
rPois    .         Spirit   .   (no helmet)
rElec    .         Reflect  .   (no cloak)
rCorr    .         Harm     .   r - +2 pair of gloves
MR       .....                  g - +0 pair of boots
Stlth    +++.......             (no amulet)
HPRegen  0.13/turn              (no ring)
MPRegen  0.18/turn              (no ring)

@: no status effects
A: no striking features
a: no special abilities


You were on level 6 of the Dungeon.
You were not hungry.

You visited 1 branch of the dungeon, and saw 6 of its levels.
You also visited: Sewer.

You collected 329 gold pieces.

Inventory:

Hand Weapons
 m - a +1 dagger
 F - a +0 blowgun
 H - a +0 quarterstaff (weapon)
 O - the cursed +0 rapier of Ufaeq {vamp, rN+}
   (You found it on level 6 of the Dungeon)

   It inflicts no extra harm, but heals its wielder when it wounds a living foe.
   It protects you from negative energy.
   It has a curse placed upon it.
Missiles
 e - 239 stones (quivered)
 p - 30 poisoned needles
 G - 7 needles of sleeping
Armour
 f - a +0 robe (worn)
 g - a +0 pair of boots (worn)
 o - a +0 pair of gloves
 r - a +2 pair of gloves (worn)
Jewellery
 d - an uncursed amulet of magic regeneration {unknown}
 q - an uncursed ring of poison resistance {unknown}
 I - an uncursed ring of wizardry {unknown}
Wands
 n - a wand of iceblast (15)
 A - a wand of digging (22)
 K - a wand of scattershot (3)
Scrolls
 i - 3 scrolls of enchant weapon
 w - 2 scrolls of magic mapping
 x - 2 scrolls of teleportation
 y - 2 scrolls of remove curse
 z - a scroll of fear
 C - 4 scrolls of identify
 J - a scroll of fog
Potions
 a - 3 potions of curing
 h - a potion of resistance {unknown}
 j - a potion of flight {unknown}
 k - 2 potions of brilliance {unknown}
 l - 3 potions of heal wounds {unknown}
 s - 2 potions of agility {unknown}
 t - 5 potions of might {unknown}
 u - 2 potions of magic {unknown}
 v - 2 potions of haste {unknown}
 B - a potion of ambrosia {unknown}
 D - a potion of invisibility {unknown}
 E - 2 potions of degeneration {unknown}
 M - 2 potions of lignification {unknown}
Books
 b - a book of Conjurations

   Spells                             Type                      Level
   a - Magic Dart                     Conjuration                  1
   b - Searing Ray                    Conjuration                  2
   c - Dazzling Spray                 Conjuration/Hexes            3
   d - Fulminant Prism                Conjuration/Hexes            4
   e - Force Lance                    Conjuration/Translocation    4
   f - Iskenderun's Mystic Blast      Conjuration                  4
 L - a book of Cantrips

   Spells                             Type                      Level
   a - Confusing Touch                Hexes                        1
   b - Animate Skeleton               Necromancy                   1
   c - Summon Small Mammal            Summoning                    1
   d - Apportation                    Translocation                1
Comestibles
 c - 12 rations
 N - 4 chunks of flesh


   Skills:
 + Level 2.4 Staves
 + Level 4.2 Dodging
 + Level 4.5 Stealth
 + Level 8.3 Spellcasting
 + Level 7.9 Conjurations
 - Level 3.1 Hexes
 - Level 3.0 Translocations


You had 4 spell levels left.
You knew the following spells:

 Your Spells              Type           Power        Failure   Level  Hunger
a - Magic Dart            Conj           ####         1%          1    None
b - Searing Ray           Conj           #####.       1%          2    None
c - Dazzling Spray        Conj/Hex       #####.       1%          3    None
d - Iskenderun's Mystic   Conj           #####...     2%          4    ##.....
e - Force Lance           Conj/Tloc      ####....     7%          4    ##.....
f - Fulminant Prism       Conj/Hex       #####.....   7%          4    ##.....
g - Apportation           Tloc           ###...       1%          1    None


Dungeon Overview and Level Annotations

Branches:
Dungeon (6/15)
 Temple: D:4-7

Altars:


Message History

Beogh smites you!
The orc priest invokes the aid of Beogh against you.
Beogh smites you!
* * * LOW HITPOINT WARNING * * *
Casting: Searing Ray
Confirm with . or Enter, or press ? or * to list all spells.
Aiming: Searing Ray
Press: ? - help, Shift-Dir - straight line, f - orc priest
Aim: an orc priest, wielding a falchion The searing ray hits the orc priest.
The orc priest is moderately wounded. (Press . to maintain the ray.)
The orc priest calls upon Beogh to heal the orc priest.
The orc priest's wounds heal themselves!
The searing ray hits the orc priest.
The orc priest is heavily wounded.
The orc priest completely misses you.
The orc priest calls down the wrath of Beogh upon you.
Beogh smites you!
You die...

#.# #.# #.#
#.# #.# #.#
## #.# ..
#.####.#####
#..@o.o.....
######......
####.


You could see 2 orc priests.

Vanquished Creatures
  Grinder (D:3)
  A yak (D:6)
  2 sky beasts (D:5)
  A centaur (D:6)
  2 bullfrogs (Sewer)
  A howler monkey (D:4)
  A jelly (D:4)
  A bullfrog skeleton (D:5)
  A centaur skeleton (D:5)
  2 hounds
  An orc wizard (D:6)
  5 worker ants
  A gnoll (D:1)
  A howler monkey skeleton (D:5)
  6 river rats
  12 adders
  A shadow imp (D:6)
  9 oozes
  An adder skeleton (D:4)
  8 worms
  5 dart slugs
  4 leopard geckos
  15 orcs
  4 giant cockroaches
  11 goblins
  5 hobgoblins
  7 jackals (D:1)
  10 kobolds
  2 quokkas
  14 ball pythons
  11 bats
  9 frilled lizards
  A leopard gecko skeleton (D:4)
  2 quokka skeletons (D:4)
  42 rats
200 creatures vanquished.

Vanquished Creatures (others)
  A fungus (D:4)
  8 toadstools (D:4)
9 creatures vanquished.

Grand Total: 209 creatures vanquished

Notes
Turn   | Place    | Note
-------+----------+-------------------------------------------
     0 | D:1      | Dindles the Deep Elf Conjurer began the quest for the Orb.
     0 | D:1      | Reached XP level 1. HP: 10/10 MP: 6/6
   170 | D:1      | Reached XP level 2. HP: 15/15 MP: 2/8
   329 | D:1      | Reached skill level 5 in Conjurations
   577 | D:1      | Reached XP level 3. HP: 19/19 MP: 2/10
  1168 | D:1      | Reached skill level 4 in Spellcasting
  1575 | D:2      | Reached XP level 4. HP: 24/24 MP: 0/12
  2177 | D:3      | Noticed Grinder
  2180 | D:3      | Paralysed by Grinder for 5 turns
  2376 | D:3      | Reached skill level 5 in Spellcasting
  2376 | D:3      | Reached XP level 5. HP: 28/28 MP: 3/14
  2449 | D:3      | Found a glowing drain.
  2453 | Sewer    | Entered a sewer
  3369 | Sewer    | Learned a level 2 spell: Searing Ray
  3373 | Sewer    | Learned a level 3 spell: Dazzling Spray
  3378 | Sewer    | Learned a level 4 spell: Iskenderun's Mystic Blast
  3383 | Sewer    | Learned a level 4 spell: Force Lance
  3398 | Sewer    | Reached XP level 6. HP: 22/32 MP: 10/16
  3402 | Sewer    | Reached skill level 6 in Spellcasting
  3780 | D:3      | Killed Grinder
  3780 | D:3      | Reached XP level 7. HP: 15/36 MP: 10/19
  4436 | D:4      | Reached skill level 1 in Hexes
  4471 | D:4      | Reached skill level 1 in Translocations
  4629 | D:4      | Reached skill level 7 in Spellcasting
  5380 | D:5      | Entered Level 5 of the Dungeon
  5633 | D:5      | Reached skill level 1 in Staves
  5633 | D:5      | Reached XP level 8. HP: 37/41 MP: 14/21
  6194 | D:6      | Reached skill level 8 in Spellcasting
  6331 | D:6      | Got a translucent rapier
  6332 | D:6      | Identified the cursed +0 rapier of Ufaeq {vamp, rN+} (You found it on level 6 of the Dungeon)
  6608 | D:6      | Learned a level 4 spell: Fulminant Prism
  6610 | D:6      | Learned a level 1 spell: Apportation
  6665 | D:6      | Killed from afar by an orc priest

Skill      XL: |  1  2  3  4  5  6  7  8 |
---------------+-------------------------+-----
Conjurations   | 5 6 7 |  7.9
Spellcasting   | 4 5 6 7 8 |  8.3
Stealth        | 3 4 |  4.5
Dodging        | 3 4 |  4.2
Hexes          | 3 |  3.1
Translocations | 2 3 |  3.0
Staves         | 1 2 |  2.4

Action                   |  1- 3 |  4- 6 |  7- 9 || total
-------------------------+-------+-------+-------++-------
Melee: Unarmed           |     7 |       |       ||     7
       Dagger            |       |    35 |     7 ||    42
       Quarterstaff      |       |       |     4 ||     4
Throw: Stone             |     1 |       |       ||     1
 Cast: Magic Dart        |   100 |   176 |   141 ||   417
       Searing Ray       |       |     3 |    16 ||    19
       Dazzling Spray    |       |       |     9 ||     9
  Use: Scroll            |       |     8 |     1 ||     9
       Potion            |       |     1 |       ||     1
 Stab: Invisible         |       |       |     1 ||     1
  Eat: Chunk             |     2 |     7 |     9 ||    18
Armor: Robe              |       |    25 |    11 ||    36
Dodge: Dodged            |    11 |   101 |    42 ||   154
